cohdb
Replays
Latest Replays
All Replays
Popular Replays
Top Player Replays
Match Explorer
How It Works
Community
CoH3 Stats
Reddit
Sign in to upload your games and track your stats! →
Sign in with Steam
Match 43684830
Unlisted
Match 43684830
Overview
Messages
Build Orders
End
Vickers Machine Gun Team
Construct Section Command Post
Construct Section Command Post
Infantry Section
Selects Australian Defense Battlegroup
Selects Australian Light Infantry Section
Australian Light Infantry Section
Dingo Light Scout Car
Grenade Package
Construct Platoon Command Post
Australian Light Infantry Section
Selects CMP 15cwt Supply Run
Selects Reinforced Resource Caches
CMP 15cwt Truck
6-pounder Anti-tank Gun Team
Forward Retreat Point
Infantry Training
CMP 15cwt Supply Run
Selects Defensive Tactics
Construct Company Command Post
Light Vehicle Training
Selects Hold the Line!
Gorax
Amon Sapkowski
Itsomi
Uma
Victor
hogarthw
0
0
Comments
sign in to comment!
No comments posted yet!